[Event "Titled Tuesday Blitz August 09 Early 2022"]
[White "Mahalakshmi, M"]
[Black "Pulpan, Jakub"]
[WhiteFideId "5001080"]
[BlackFideId "302759"]
[WhiteElo "2176"]
[BlackElo "2451"]
[Result "0-1"]
[Round "04"]
[TimeControl "180+1"]
[Date "2022.08.09"]
[WhiteClock "0:00:07"]
[BlackClock "0:00:10"]

1. d4 Nf6 2. c4 e6 3. Nc3 d5 4. Nf3 c5 5. cxd5 Nxd5 6. g3 Nc6 7. dxc5 Bxc5 8. Nxd5 exd5 9. Bg2 O-O 10. O-O h6 11. Bf4 Re8 12. Rc1 Bb6 13. h4 Bg4 14. Re1 Qf6 15. Qxd5 Qxb2 16. e3 Nb4 17. Qb5 Qxa2 18. Qxb4 Ba5 19. Qxb7 Bxe1 20. Rxe1 a5 21. Nd4 Rad8 22. Bc6 Rf8 23. Bc7 Rc8 24. Bd6 Rfd8 25. Be7 Rb8 26. Qc7 Rdc8 27. Qf4 Be6 28. Bd6 Rb6 29. Be4 Qd2 30. Rf1 a4 31. Nxe6 Qxd6 32. Nd4 Qxf4 33. gxf4 a3 34. Ra1 Rc3 35. Ne2 Rcb3 36. Nd4 Rc3 37. Ne2 Rc4 38. Bd3 Ra4 39. Re1 a2 40. Ra1 Rb2 41. Nc3 Ra3 42. Nxa2 Rbxa2 43. Rd1 Ra1 44. Rxa1 Rxa1+ 45. Kg2 g6 46. Be4 Kg7 47. f5 g5 48. hxg5 hxg5 49. Kf3 Kf6 50. Bd3 Ke5 51. Kg4 Rg1+ 52. Kh5 Rg2 53. f3 Rg3 54. Be4 g4 55. Kh4 Rxf3 56. Bxf3 gxf3 57. Kg3 Ke4 58. Kf2 f6 59. Kf1 Kxf5 60. Kf2 Ke4 61. Kf1 Kxe3 62. Ke1 f2+ 63. Kf1 f5 64. Kg2 Ke2 65. Kg3 f1=Q 0-1


[Site "https://www.chess.com"]

[Event "Titled Tuesday Blitz August 09 Early 2022"]
[White "Maiorov, Nikita"]
[Black "Federzoni, Enzo"]
[WhiteFideId "13501720"]
[BlackFideId "2173301"]
[WhiteElo "2409"]
[BlackElo "1949"]
[Result "1-0"]
[Round "04"]
[TimeControl "180+1"]
[Date "2022.08.09"]
[WhiteClock "0:00:12"]
[BlackClock "0:00:35"]

1. d4 Nf6 2. c4 e6 3. Nf3 Bb4+ 4. Bd2 a5 5. g3 O-O 6. Bg2 d6 7. O-O Qe7 8. Bc1 a4 9. a3 Ba5 10. Qxa4 Bd7 11. Qc2 b5 12. Nbd2 c5 13. dxc5 dxc5 14. Ne5 Ra7 15. Nxd7 Qxd7 16. cxb5 Qxb5 17. Nc4 Nc6 18. e3 Nd5 19. Nd6 Qb6 20. Ne4 Rc8 21. Rb1 Rac7 22. Qxc5 Qa6 23. a4 Ncb4 24. Qb5 Qa8 25. Nd6 Rc5 26. Qe2 R8c6 27. Nb5 Rc2 28. Qd1 Bb6 29. Nc3 R2xc3 30. bxc3 Nxc3 31. Qb3 Nxb1 32. Qxb4 Nc3 33. Qxb6 Rxb6 34. Bxa8 Ra6 35. Bf3 Rxa4 36. Bd2 Rc4 37. Rc1 Ne2+ 38. Bxe2 Rxc1+ 39. Bxc1 f6 40. Bd2 Kf7 41. Be1 Kg6 42. Kf1 Kf5 43. Bf3 Ke5 44. h3 Kd6 45. g4 Ke7 46. Ke2 Kf7 47. Bd2 Ke7 48. Be1 Kd6 49. Bg2 Ke5 50. Bh1 Kd6 51. Bg2 Ke7 52. f4 h5 53. Kd3 hxg4 54. hxg4 Kf7 55. Bb4 Kg6 56. Be4+ Kh6 57. Be7 f5 58. g5+ Kg6 59. Bc6 Kf7 60. Bd6 Kg6 61. Be8+ Kh7 62. Bf7 Kh8 63. Bxe6 g6 64. Kd4 Kh7 65. Kd5 Kg7 66. Kc6 Kh7 67. Kd7 Kg7 68. Ke8 Kh7 69. Bd5 Kg7 70. Bc5 Kh7 71. e4 Kg7 72. e5 Kh7 73. e6 Kg7 74. e7 Kh7 75. Kd7 Kg7 76. e8=Q Kh7 77. Qg8# 1-0


[Site "https://www.chess.com"]

[Event "Titled Tuesday Blitz August 09 Early 2022"]
[White "Maksimenko, Viktor"]
[Black "Gurel, Ediz"]
[WhiteFideId "13710478"]
[BlackFideId "44507356"]
[WhiteElo "2269"]
[BlackElo "1894"]
[Result "0-1"]
[Round "04"]
[TimeControl "180+1"]
[Date "2022.08.09"]
[WhiteClock "0:00:02"]
[BlackClock "0:00:05"]

1. d4 Nf6 2. c4 e6 3. Nf3 b6 4. a3 Bb7 5. Nc3 d5 6. Bg5 Be7 7. e3 O-O 8. Qc2 Nbd7 9. cxd5 Nxd5 10. Bxe7 Qxe7 11. Nxd5 Bxd5 12. Qxc7 Rac8 13. Qxa7 Rc2 14. Bd3 Rxb2 15. O-O Bxf3 16. gxf3 Qg5+ 17. Kh1 Nf6 18. Rab1 Rd2 19. Rbd1 Rxd3 20. Rxd3 Qf5 21. e4 Nxe4 22. Re3 Nd2 23. Rd1 Nxf3 24. Qb7 Ng5 25. Kg2 Qg4+ 26. Rg3 Qxd1 27. Rxg5 Qxd4 28. Qf3 h6 29. Rg3 Rc8 30. Qb7 Qd5+ 31. Qxd5 exd5 32. Rb3 Rc6 33. Kf3 Kf8 34. Ke3 Ke7 35. Kd4 Kd6 36. Rg3 g6 37. Rf3 f5 38. Rg3 g5 39. Rh3 Rc4+ 40. Kd3 Rh4 41. Rf3 Rf4 42. Rh3 Rxf2 43. Rxh6+ Kc5 44. Rg6 g4 45. Rf6 Rxh2 46. Rxf5 Rh3+ 47. Kc2 Rxa3 48. Rg5 g3 49. Kb2 Rf3 50. Kc2 b5 51. Rg4 b4 52. Kb2 b3 53. Ka3 d4 54. Kb2 Kc4 55. Rg8 Rf2+ 56. Kb1 g2 57. Rg3 Rf1+ 58. Kb2 g1=Q 0-1


[Site "https://www.chess.com"]

[Event "Titled Tuesday Blitz August 09 Early 2022"]
[White "Malek, Jan"]
[Black "Danielyan, Vahe"]
[WhiteFideId "21864080"]
[BlackFideId "13304828"]
[WhiteElo "2143"]
[BlackElo "2421"]
[Result "0-1"]
[Round "04"]
[TimeControl "180+1"]
[Date "2022.08.09"]
[WhiteClock "0:00:01"]
[BlackClock "0:00:47"]

1. d4 d5 2. c4 dxc4 3. e4 e5 4. Nf3 exd4 5. Bxc4 Nc6 6. O-O Be6 7. Bxe6 fxe6 8. Qb3 Qd7 9. Qxb7 Rb8 10. Qa6 Nf6 11. Nbd2 Bd6 12. b3 Nh5 13. Nc4 O-O 14. Nxd6 cxd6 15. Qe2 Nf6 16. e5 dxe5 17. Nxe5 Nxe5 18. Qxe5 Rb5 19. Qe1 Rf5 20. Ba3 Re8 21. Rc1 d3 22. Qe3 e5 23. f3 e4 24. fxe4 Rxe4 25. Qd2 Re2 26. Qb4 Rxg2+ 27. Kh1 Rxh2+ 28. Kxh2 Rh5+ 29. Kg1 Rg5+ 30. Kf2 Qf5+ 31. Ke3 Rg3+ 32. Kd2 Rg2+ 33. Kc3 Nd5+ 34. Kd4 Rg4+ 35. Kc5 Nf4+ 36. Kc6 Rg6+ 37. Kb7 Qd5+ 38. Kb8 Rb6+ 39. Qxb6 axb6 40. Rc8+ Kf7 41. Rxf4+ Kg6 42. Rf1 d2 43. Rd1 Qe5+ 44. Rc7 Qe2 45. Rg1+ Kf5 46. Re7 Qh2+ 0-1


[Site "https://www.chess.com"]

[Event "Titled Tuesday Blitz August 09 Early 2022"]
[White "Malka, Samuel"]
[Black "Remolar Gallen, Jose"]
[WhiteFideId "20643675"]
[BlackFideId "2215187"]
[WhiteElo "2495"]
[BlackElo "2205"]
[Result "1/2-1/2"]
[Round "04"]
[TimeControl "180+1"]
[Date "2022.08.09"]
[WhiteClock "0:00:32"]
[BlackClock "0:00:24"]

1. Nf3 Nf6 2. c4 g6 3. Nc3 Bg7 4. e4 d6 5. d4 O-O 6. Be2 e5 7. O-O Nc6 8. d5 Ne7 9. Ne1 Ne8 10. Be3 f5 11. f3 f4 12. Bf2 g5 13. c5 h5 14. a4 Ng6 15. a5 Nf6 16. cxd6 cxd6 17. Nb5 g4 18. Nxa7 g3 19. Bb6 gxh2+ 20. Kh1 Qe7 21. Nxc8 Raxc8 22. Nd3 h4 23. Nf2 Nh5 24. Kxh2 Ng3 25. Re1 h3 26. Nxh3 Kf7 27. Rc1 Bf6 28. Bb5 Bh4 29. Qd2 Rxc1 30. Rxc1 Rc8 31. Rxc8 Nf1+ 32. Kg1 Nxd2 33. Rc7 Nf8 34. Rxe7+ Kxe7 35. Bd3 Nd7 36. Ba7 Nb3 37. Bb6 Nxb6 38. axb6 Nc5 39. Bb5 Be1 40. Nf2 Ba5 41. Nd3 Bxb6 42. Nxc5 Bxc5+ 43. Kf1 Kd8 44. Ke2 Kc7 45. Kd3 Kb6 46. Kc4 Ka5 47. b4+ Bxb4 48. Bd7 Bc5 49. Bb5 Kb6 50. Bd7 Kc7 51. Ba4 Kd8 52. Kb5 Kc7 53. Bd1 Be3 54. Be2 Bc5 55. Bc4 Kd7 56. Bb3 Ke7 57. Ba4 Kf6 58. Kc4 Kg5 59. Bd7 Kh4 60. Bh3 Kg3 61. Kb5 Kf2 62. Kc4 Ke3 63. Kb5 Kd4 64. Be6 Ba7 65. Bc8 Ke3 66. Bxb7 Kf2 67. Bc8 Kxg2 68. Bg4 Kf2 69. Kc6 Bc5 70. Kd7 Ke3 71. Kc6 Kd4 72. Kd7 Kc3 73. Ke6 Kb4 74. Kf5 Kc3 75. Ke6 Kd4 76. Kd7 Ke3 77. Kc6 Kf2 78. Kb5 Kg3 79. Kc4 Kf2 80. Kd3 Kg3 81. Kc4 Kf2 82. Kd3 Kg3 83. Ke2 Kg2 84. Ke1 Kg3 85. Ke2 Kg2 86. Kd3 Kg3 1/2-1/2


[Site "https://www.chess.com"]

[Event "Titled Tuesday Blitz August 09 Early 2022"]
[White "Malyi, Viacheslav"]
[Black "Volkov, Maksim"]
[WhiteFideId "14123983"]
[BlackFideId "54123070"]
[WhiteElo "2190"]
[BlackElo "2155"]
[Result "1/2-1/2"]
[Round "04"]
[TimeControl "180+1"]
[Date "2022.08.09"]
[WhiteClock "0:00:16"]
[BlackClock "0:00:22"]

1. e4 c5 2. Nf3 d6 3. d4 cxd4 4. Nxd4 Nf6 5. Nc3 a6 6. Rg1 e5 7. Nb3 h5 8. h3 Be6 9. g4 hxg4 10. hxg4 Nc6 11. g5 Nd7 12. Be3 Rc8 13. Qd2 b5 14. O-O-O Na5 15. Kb1 Nc4 16. Qe2 Nxe3 17. Qxe3 Qc7 18. Rd2 Nb6 19. Nd5 Nxd5 20. exd5 Bf5 21. Bd3 Rh3 22. Qe2 Bxd3 23. Rxd3 Rh2 24. a3 g6 25. Rc3 Qd7 26. Rxc8+ Qxc8 27. Qe3 Qc7 28. Qg3 Rh5 29. Nd2 Bg7 30. Ne4 Ke7 31. Re1 Qc4 32. Qd3 Qxd3 33. cxd3 Rh3 34. Kc2 Kd7 35. Kd2 Bf8 36. Ke2 Be7 37. Rc1 Rh5 38. Rc6 a5 39. Rb6 b4 40. axb4 axb4 41. Rxb4 Bxg5 42. Rb7+ Kd8 43. Nxd6 f5 44. Nf7+ Kc8 45. Rb6 Bf4 46. Rxg6 e4 47. dxe4 fxe4 48. Re6 Rxd5 49. Rxe4 Bh2 50. Kf3 Rb5 51. b4 Kd7 52. Nh6 Bd6 53. Ng4 Bxb4 54. Nf6+ Kd8 55. Ng4 Bd6 56. Ne3 Kd7 57. Rd4 Ke6 58. Re4+ Kf6 59. Rd4 Bb8 60. Re4 Rb3 61. Ke2 Rb2+ 62. Kf3 Ba7 63. Rc4 Ke5 64. Rc7 Ra2 65. Rc8 Ke6 66. Re8+ Kf7 67. Rc8 Kf6 68. Rc6+ Ke5 69. Rc8 Kd4 70. Rd8+ Ke5 71. Rd7 Ke6 72. Rd8 Ke7 73. Rc8 Ke6 74. Re8+ Kf7 75. Rh8 Kg7 76. Rc8 Kf6 77. Rc7 Ke6 78. Rc8 Ke7 79. Rc7+ Kd6 80. Rh7 Ke6 81. Rh6+ Ke7 82. Rh7+ Ke6 83. Rh6+ Ke7 84. Rh7+ Ke6 1/2-1/2


[Site "https://www.chess.com"]

[Event "Titled Tuesday Blitz August 09 Early 2022"]
[White "Mardov, Dimitar"]
[Black "Espinosa Veloz, Ermes"]
[WhiteFideId "30919495"]
[BlackFideId "3507424"]
[WhiteElo "2185"]
[BlackElo "2333"]
[Result "1-0"]
[Round "04"]
[TimeControl "180+1"]
[Date "2022.08.09"]
[WhiteClock "0:00:11"]
[BlackClock "0:00:01"]

1. d4 d5 2. c4 c6 3. Nf3 Nf6 4. e3 e6 5. Nc3 Nbd7 6. Qc2 Bd6 7. b3 O-O 8. Be2 b6 9. O-O Bb7 10. Bb2 Rc8 11. Rad1 c5 12. cxd5 exd5 13. Qb1 Re8 14. Rfe1 c4 15. bxc4 dxc4 16. d5 a6 17. Nd4 b5 18. Nf5 Bf8 19. a3 g6 20. Ng3 Bg7 21. e4 Qb6 22. Qa1 h5 23. h4 a5 24. Rc1 b4 25. axb4 axb4 26. Na4 Qb5 27. e5 Nxd5 28. Ne4 Ra8 29. Bxc4 Qxa4 30. Qxa4 Rxa4 31. Nd6 Bxe5 32. Nxb7 Nc3 33. Bxc3 bxc3 34. Bb5 Rb4 35. Bxd7 Re7 36. Bc6 Rb6 37. Bf3 Kf8 38. Nc5 Bf6 39. Ne4 Bd4 40. Kf1 Ra7 41. Nxc3 Rb2 42. Ne2 Be5 43. Rb1 Rc2 44. Rec1 Rd2 45. Rd1 Rc2 46. Be4 Rc4 47. Bd3 Rxh4 48. g3 Rha4 49. Kg2 Kg7 50. Rb5 Bf6 51. Nf4 Ra2 52. Ne2 Re7 53. Kf3 g5 54. g4 hxg4+ 55. Kxg4 Raxe2 56. Bxe2 Rxe2 57. Kf3 Ra2 58. Rdd5 Ra3+ 59. Kg2 Ra2 60. Rf5 Ra4 61. Rb6 Rf4 62. Rxf4 gxf4 63. Kf3 Bg5 64. Rb5 Kg6 65. Kg4 f6 66. f3 Bh6 67. Ra5 Bg5 68. Ra6 Bh6 69. Kh4 Bg5+ 70. Kh3 Bh6 71. Kg2 Bg5 72. Kf1 Bh6 73. Ke2 Bg5 74. Kd3 Kh5 75. Ke4 Kh4 76. Ra2 Kg3 77. Re2 Bh6 78. Rc2 Bg5 79. Rc8 Bh6 80. Rg8+ Bg5 81. Rg6 1-0


[Site "https://www.chess.com"]

[Event "Titled Tuesday Blitz August 09 Early 2022"]
[White "Martinez Alcantara, Jose Eduardo"]
[Black "Maksimovic, Bojan"]
[WhiteFideId "3805662"]
[BlackFideId "14408120"]
[WhiteElo "3034"]
[BlackElo "2806"]
[Result "1-0"]
[Round "04"]
[TimeControl "180+1"]
[Date "2022.08.09"]
[WhiteClock "0:00:14"]
[BlackClock "0:00:01"]

1. e4 e5 2. Nf3 Nc6 3. Bb5 a6 4. Ba4 Nf6 5. d3 b5 6. Bb3 Be7 7. Nc3 O-O 8. a3 d6 9. O-O Be6 10. Nd5 Nd7 11. c3 Na5 12. Bc2 c6 13. Ne3 c5 14. b4 Nc6 15. Nd5 Nb6 16. Nxe7+ Qxe7 17. h3 h6 18. Re1 Rac8 19. Be3 Rfe8 20. Nh2 Nd7 21. Nf3 Nf8 22. Nh2 Red8 23. Nf1 c4 24. dxc4 bxc4 25. Ng3 Qb7 26. Qf3 Nh7 27. Nh5 f6 28. Red1 Kh8 29. Qe2 Bf7 30. Ng3 Ne7 31. Qg4 Ng5 32. h4 Ne6 33. Rd2 Nf8 34. Rad1 d5 35. exd5 Nxd5 36. Qf3 Qb5 37. Bc5 Qb7 38. Be4 Rxc5 39. bxc5 Qb3 40. Bxd5 Bg6 41. Be4 Rxd2 42. Rxd2 Qxc3 43. Qxc3 1-0


[Site "https://www.chess.com"]

[Event "Titled Tuesday Blitz August 09 Early 2022"]
[White "Martinez, Shawn"]
[Black "Barp, Alberto"]
[WhiteFideId "2039770"]
[BlackFideId "872555"]
[WhiteElo "2174"]
[BlackElo "2229"]
[Result "0-1"]
[Round "04"]
[TimeControl "180+1"]
[Date "2022.08.09"]
[WhiteClock "0:00:04"]
[BlackClock "0:00:03"]

1. e4 c5 2. Nc3 a6 3. d3 b5 4. g3 Bb7 5. Bg2 g6 6. Nh3 Bg7 7. O-O e6 8. f4 Ne7 9. Qe2 Nbc6 10. Be3 Nd4 11. Qf2 O-O 12. g4 f5 13. gxf5 exf5 14. e5 Bxg2 15. Qxg2 Ne6 16. Ng5 Nxg5 17. Qxg5 d6 18. Rae1 Re8 19. Bf2 Rc8 20. Bh4 dxe5 21. fxe5 Qd4+ 22. Bf2 Qb4 23. Qc1 Qg4+ 24. Kh1 b4 25. Na4 Nd5 26. Bxc5 Bxe5 27. Qd2 Bb8 28. Qg2 Qh4 29. Qxd5+ Kg7 30. Bd4+ Kh6 31. Be3+ Rxe3 32. Qg2 Rxe1 33. Rg1 Rxg1+ 34. Kxg1 Qe1+ 35. Qf1 Qe3+ 36. Kg2 Qg5+ 37. Kh1 Re8 38. Qh3+ Kg7 39. Qf1 Qh5 40. d4 Qxh2# 0-1


[Site "https://www.chess.com"]

[Event "Titled Tuesday Blitz August 09 Early 2022"]
[White "McConnell, Griffin"]
[Black "Tica, Sven"]
[WhiteFideId "30942551"]
[BlackFideId "14526948"]
[WhiteElo "2320"]
[BlackElo "2350"]
[Result "0-1"]
[Round "04"]
[TimeControl "180+1"]
[Date "2022.08.09"]
[WhiteClock "0:00:02"]
[BlackClock "0:00:08"]

1. e4 g6 2. Nf3 Bg7 3. d4 d6 4. Bd3 Nd7 5. O-O e6 6. c3 Ne7 7. Be3 b6 8. Qd2 h6 9. Na3 Bb7 10. Rad1 a6 11. Nc2 Nf6 12. e5 Ne4 13. Qe2 Nf5 14. Bf4 Ng5 15. Nxg5 hxg5 16. Bg3 Nxg3 17. fxg3 dxe5 18. dxe5 Qe7 19. Be4 Bxe4 20. Qxe4 O-O 21. Nd4 Rad8 22. Kh1 Qc5 23. Nf3 Rxd1 24. Rxd1 Qe7 25. g4 Rd8 26. Rxd8+ Qxd8 27. Qd4 Qe7 28. h3 Kh7 29. Qe3 Bh6 30. Qd4 Kg8 31. a3 Kf8 32. Kg1 c5 33. Qe4 Qd8 34. Kf2 Bg7 35. Ke2 b5 36. Qd3 Qc7 37. Qe4 c4 38. Qd4 Ke7 39. Ke3 f6 40. Ke2 Qc6 41. Qa7+ Qd7 42. Qxd7+ Kxd7 43. Ke3 Kc6 44. Ke4 f5+ 45. Kd4 Bf8 46. Ke3 Kd5 0-1


[Site "https://www.chess.com"]

[Event "Titled Tuesday Blitz August 09 Early 2022"]
[White "Melikhov, Evgeny V."]
[Black "White, John S."]
[WhiteFideId "4122046"]
[BlackFideId "2502348"]
[WhiteElo "1963"]
[BlackElo "1593"]
[Result "1-0"]
[Round "04"]
[TimeControl "180+1"]
[Date "2022.08.09"]
[WhiteClock "0:00:25"]
[BlackClock "0:00:08"]

1. e4 c5 2. Nf3 e6 3. d4 cxd4 4. Nxd4 Nc6 5. Ne2 d6 6. g3 Nf6 7. Bg2 Be7 8. O-O O-O 9. Nbc3 a6 10. a4 Qc7 11. h3 Bd7 12. Be3 Rad8 13. g4 Ne5 14. b3 Bc6 15. Ng3 Ng6 16. Nce2 d5 17. exd5 Nxd5 18. Qc1 Nxe3 19. Qxe3 Bxg2 20. Kxg2 Qxc2 21. Rac1 Qd2 22. Ne4 Qxe3 23. fxe3 Rd3 24. Rc3 Rfd8 25. Rfc1 Rxc3 26. Rxc3 h6 27. Nf4 Nxf4+ 28. exf4 Bb4 29. Rc7 Rd4 30. Nf2 Rxf4 31. Rxb7 Bc5 32. Nd3 Re4 33. Nxc5 Re2+ 34. Kf3 Rc2 35. Nxa6 Rc3+ 36. Kg2 Rc2+ 37. Kf1 Rc1+ 38. Ke2 Rc2+ 39. Kd3 Rh2 40. Nc5 Rxh3+ 41. Kc4 Rg3 42. a5 Rxg4+ 43. Kb5 Rg5 44. a6 Rg1 45. a7 Ra1 46. Na4 Kh7 47. a8=Q f5 48. Qf8 Rg1 49. Nc5 e5 50. Ne6 e4 51. Rxg7+ Rxg7 52. Qxg7# 1-0


[Site "https://www.chess.com"]

[Event "Titled Tuesday Blitz August 09 Early 2022"]
[White "Melikyan, Gnel"]
[Black "Orzech, Dominik"]
[WhiteFideId "54109990"]
[BlackFideId "1115065"]
[WhiteElo "1772"]
[BlackElo "2272"]
[Result "1-0"]
[Round "04"]
[TimeControl "180+1"]
[Date "2022.08.09"]
[WhiteClock "0:02:00"]
[BlackClock "0:01:31"]

1. e4 e6 2. d4 d5 3. e5 c5 4. c3 Nc6 5. Nf3 Bd7 6. a3 f6 7. b4 fxe5 8. dxe5 Qc7 9. Bf4 g5 10. Nxg5 Nxe5 11. Qh5+ Ke7 12. Nf7 Nd3+ 13. Bxd3 Qxf4 14. Nxh8 Bg7 15. Qxh7 Qc1+ 16. Ke2 Qxh1 17. Qxg7+ Kd6 18. bxc5+ Kc7 19. Qe5+ Kc6 20. Qd6# 1-0


[Site "https://www.chess.com"]

[Event "Titled Tuesday Blitz August 09 Early 2022"]
[White "Mikhnenko, Alexander"]
[Black "Khripachenko, Alexander"]
[WhiteFideId "34143014"]
[BlackFideId "54184975"]
[WhiteElo "2134"]
[BlackElo "2233"]
[Result "1-0"]
[Round "04"]
[TimeControl "180+1"]
[Date "2022.08.09"]
[WhiteClock "0:00:10"]
[BlackClock "0:00:12"]

1. e4 c6 2. c4 d5 3. cxd5 cxd5 4. exd5 Nf6 5. d4 Nxd5 6. Nf3 e6 7. Bd3 Bb4+ 8. Bd2 Nc6 9. O-O O-O 10. Bxh7+ Kxh7 11. Ng5+ Kg8 12. Qh5 Nf6 13. Qh4 Bxd2 14. Nxd2 Qxd4 15. Nde4 Rd8 16. Nxf6+ Qxf6 17. Qh7+ Kf8 18. Qh4 Ke7 19. Rad1 Bd7 20. Qg3 Nd4 21. Kh1 Bc6 22. Qa3+ Ke8 23. Nh7 Qg6 24. Qf8+ Kd7 25. Rxd4+ Bd5 26. Rxd5+ exd5 27. Qb4 b6 28. Re1 Re8 29. Nf8+ Rxf8 30. Qe7+ Kc6 31. Rc1+ Kb5 32. Qe2+ Ka5 33. a4 a6 34. b4+ Kxa4 35. Qa2+ Kb5 36. Qe2+ Ka4 37. Qa2+ Kb5 38. Qxd5+ Ka4 39. Qa2+ Kb5 40. Qc4+ Ka4 41. Ra1# 1-0


[Site "https://www.chess.com"]

[Event "Titled Tuesday Blitz August 09 Early 2022"]
[White "Miszler, Levente"]
[Black "parintele_chess"]
[WhiteFideId "763276"]
[WhiteElo "1966"]
[BlackElo "2208"]
[Result "1-0"]
[Round "04"]
[TimeControl "180+1"]
[Date "2022.08.09"]
[WhiteClock "0:01:02"]
[BlackClock "0:00:06"]

1. Nf3 d5 2. c4 d4 3. e3 c5 4. exd4 cxd4 5. g3 Nc6 6. Bg2 Bg4 7. d3 Nf6 8. O-O e6 9. h3 Bh5 10. Nbd2 Be7 11. a3 a5 12. b3 O-O 13. Rb1 Bg6 14. Qe2 Re8 15. Nh4 Bd6 16. Nxg6 hxg6 17. Ne4 Nxe4 18. Qxe4 f5 19. Qe2 e5 20. Bd2 Qe7 21. b4 axb4 22. axb4 e4 23. c5 Bb8 24. b5 Nd8 25. dxe4 fxe4 26. Qc4+ Ne6 27. Bxe4 Qxc5 28. Qxc5 Nxc5 29. Bxg6 Re2 30. Bb4 Ne4 31. Rfe1 Raa2 32. Bxe4 Rxf2 33. Rf1 Bxg3 34. Rxf2 Rxf2 35. Bxb7 d3 36. Bd5+ Kh8 37. b6 d2 38. b7 Re2 39. Kf1 Re1+ 40. Rxe1 dxe1=Q+ 41. Bxe1 Bb8 42. Kg2 g5 43. Bg3 Ba7 44. b8=Q+ Bxb8 45. Bxb8 Kg7 46. Kf3 Kg6 47. Kg4 Kh6 48. Be5 Kg6 49. Bd4 Kh6 50. Be3 Kg6 51. Bxg5 Kg7 52. h4 1-0


[Site "https://www.chess.com"]

[Event "Titled Tuesday Blitz August 09 Early 2022"]
[White "Mohammed, Dilshad"]
[Black "Slugin, Sergey"]
[WhiteFideId "5050421"]
[BlackFideId "4122569"]
[WhiteElo "2102"]
[BlackElo "2330"]
[Result "0-1"]
[Round "04"]
[TimeControl "180+1"]
[Date "2022.08.09"]
[WhiteClock "0:00:08"]
[BlackClock "0:00:10"]

1. Nf3 Nf6 2. c4 e6 3. g3 d5 4. cxd5 exd5 5. d4 Bd6 6. Bg2 O-O 7. O-O c6 8. Qc2 Re8 9. Nc3 a5 10. Bg5 h6 11. Bf4 Ne4 12. Bxd6 Qxd6 13. Nh4 Na6 14. a3 Qe7 15. e3 g5 16. Nf3 Bf5 17. Qe2 Nc7 18. Rac1 f6 19. Nxe4 Bxe4 20. Nd2 Bxg2 21. Kxg2 Ne6 22. Qh5 Kg7 23. h4 a4 24. Rh1 Rh8 25. Qg4 h5 26. Qf5 g4 27. Rcd1 Qf7 28. Nb1 Rhe8 29. Nc3 Qg6 30. Qxg6+ Kxg6 31. Rhe1 f5 32. Rc1 Re7 33. Red1 Nc7 34. Ne2 Ne8 35. Nf4+ Kh6 36. Rc3 Nd6 37. Rcd3 Nc4 38. Rb1 Ra6 39. Kf1 Rb6 40. Kg2 Rxb2 41. Rxb2 Nxb2 42. Rc3 Re8 43. Rc2 Nc4 44. Rc3 Ra8 45. Nd3 Ra5 46. Nc5 b6 47. Nd7 Rb5 48. Nb8 Rb3 49. Rc2 Rxa3 50. Nxc6 Rb3 51. Ne7 a3 52. Nxd5 b5 53. Nc3 Rb2 54. Rc1 Nxe3+ 55. Kg1 Rc2 56. Rxc2 Nxc2 57. d5 Kg6 58. d6 Kf7 59. d7 Ke7 60. Nxb5 a2 0-1


[Site "https://www.chess.com"]

[Event "Titled Tuesday Blitz August 09 Early 2022"]
[White "Molina, Roberto Junio Brito"]
[Black "Andreikin, Dmitry"]
[WhiteFideId "2109450"]
[BlackFideId "4158814"]
[WhiteElo "2816"]
[BlackElo "3115"]
[Result "0-1"]
[Round "04"]
[TimeControl "180+1"]
[Date "2022.08.09"]
[WhiteClock "0:00:08"]
[BlackClock "0:00:42"]

1. d4 Nf6 2. Nf3 g6 3. e3 Bg7 4. Be2 O-O 5. O-O c5 6. dxc5 Na6 7. Bxa6 bxa6 8. b4 a5 9. a3 Ba6 10. Re1 Ne4 11. Nd4 Qb8 12. f3 Ng5 13. c3 Rd8 14. e4 Ne6 15. Be3 Qc7 16. Nd2 Nxd4 17. cxd4 d6 18. Rc1 axb4 19. axb4 Rab8 20. Qa4 Bb5 21. Qa3 dxc5 22. Rxc5 Qb7 23. Nb3 Be8 24. Rc4 f5 25. d5 fxe4 26. fxe4 Qb5 27. Rec1 Bf7 28. Na5 e6 29. Nc6 exd5 30. Rc5 Qe2 31. Nxd8 Bb2 32. Qb3 Bxc1 33. Rxc1 Rxb4 34. Qc3 Rb2 0-1


[Site "https://www.chess.com"]

[Event "Titled Tuesday Blitz August 09 Early 2022"]
[White "Mouhamad, Joachim"]
[Black "Pinero Rodriguez, Carlos Jose"]
[WhiteFideId "656410"]
[BlackFideId "3901726"]
[WhiteElo "2147"]
[BlackElo "2053"]
[Result "1/2-1/2"]
[Round "04"]
[TimeControl "180+1"]
[Date "2022.08.09"]
[WhiteClock "0:00:13"]
[BlackClock "0:00:13"]

1. e4 c5 2. Nc3 e6 3. f4 a6 4. Nf3 Qc7 5. d3 b5 6. Be3 Bb7 7. g3 h5 8. Bg2 Be7 9. O-O h4 10. gxh4 Bxh4 11. Nxh4 Rxh4 12. Ne2 Nf6 13. Bf2 Rh8 14. Qd2 d6 15. Rae1 Nbd7 16. h3 O-O-O 17. b3 d5 18. Qe3 d4 19. Qg3 e5 20. c3 Nh5 21. Qf3 Nxf4 22. Nxf4 exf4 23. cxd4 Ne5 24. Qxf4 Nxd3 25. Qxc7+ Kxc7 26. Bg3+ Kb6 27. dxc5+ Kxc5 28. Rd1 f6 29. Rf5+ Kb6 30. Kh2 Ka7 31. a4 bxa4 32. bxa4 Nb2 33. Rxd8 Rxd8 34. a5 Nc4 35. Bf2+ Ka8 36. Rc5 Ne5 37. Rc7 Rd7 38. Rxd7 Nxd7 39. Kg3 Ne5 40. h4 Bc6 41. Bb6 Kb7 42. Kf4 Bd7 43. Bf1 Bb5 44. Bh3 Bd7 45. Bf5 Bxf5 46. Kxf5 Kc6 47. h5 Kd6 48. Bd8 Kd7 49. Bxf6 gxf6 50. Kxf6 Ng4+ 51. Kg5 Ne5 52. h6 Nf7+ 53. Kg6 Nxh6 54. Kxh6 Ke6 55. Kg6 Ke5 56. Kf7 Kxe4 57. Ke7 Kd5 58. Kf6 Kc5 59. Ke5 Kb5 60. Kd4 Kxa5 61. Kc3 Kb5 62. Kb2 Kb4 63. Ka1 Kb3 64. Kb1 Ka3 65. Ka1 Kb3 66. Kb1 Ka3 67. Ka1 Kb3 1/2-1/2


[Site "https://www.chess.com"]

[Event "Titled Tuesday Blitz August 09 Early 2022"]
[White "Musovic, Armin"]
[Black "Matveeva, Olga"]
[WhiteFideId "939935"]
[BlackFideId "24107018"]
[WhiteElo "2255"]
[BlackElo "2052"]
[Result "1-0"]
[Round "04"]
[TimeControl "180+1"]
[Date "2022.08.09"]
[WhiteClock "0:02:56"]
[BlackClock "0:02:32"]

1. a3 d5 2. Nc3 e5 3. d4 exd4 4. Qxd4 Nf6 5. e4 c5 6. Qe5+ Be6 7. exd5 Nxd5 8. Bg5 Qd6 9. Qxd6 Bxd6 10. Nxd5 Bxd5 11. O-O-O 1-0


[Site "https://www.chess.com"]

[Event "Titled Tuesday Blitz August 09 Early 2022"]
[White "Nakamura, Hikaru"]
[Black "Seo, Jung Min"]
[WhiteFideId "2016192"]
[BlackFideId "1734687"]
[WhiteElo "3203"]
[BlackElo "2823"]
[Result "1-0"]
[Round "04"]
[TimeControl "180+1"]
[Date "2022.08.09"]
[WhiteClock "0:01:14"]
[BlackClock "0:00:01"]

1. g3 Nf6 2. Bg2 d5 3. d3 c6 4. Nd2 Bg4 5. f3 Bf5 6. e4 Bg6 7. Qe2 e6 8. Nh3 h6 9. O-O Be7 10. g4 O-O 11. f4 Re8 12. e5 Nfd7 13. Kh1 Bh7 14. c3 c5 15. Nf3 Nc6 16. g5 hxg5 17. Nhxg5 Nf8 18. Nxh7 Nxh7 19. Be3 d4 20. Bf2 dxc3 21. bxc3 Qd7 22. Rg1 Rad8 23. Rad1 b5 24. Nd2 b4 25. c4 Nd4 26. Bxd4 Qxd4 27. Be4 Nf8 28. Nf3 Qc3 29. h4 f5 30. exf6 Bxf6 31. h5 Kf7 32. Ng5+ Ke7 33. Bc6 a5 34. Bxe8 Rxe8 35. Ne4 Qd4 36. f5 exf5 37. Nxf6+ Kxf6 38. Qxe8 Qh4+ 39. Kg2 Qg4+ 40. Kf2 Qf4+ 41. Ke1 Qh4+ 42. Kd2 Qf2+ 43. Kc1 Qf4+ 44. Kb1 Qc1+ 45. Rxc1 b3 46. a4 b2 47. Rce1 1-0


[Site "https://www.chess.com"]

[Event "Titled Tuesday Blitz August 09 Early 2022"]
[White "Navarrete Mendez, Gonzalo Alberto"]
[Black "Mika, Tomasz"]
[WhiteFideId "5106850"]
[BlackFideId "1132970"]
[WhiteElo "2261"]
[BlackElo "2126"]
[Result "1-0"]
[Round "04"]
[TimeControl "180+1"]
[Date "2022.08.09"]
[WhiteClock "0:00:40"]
[BlackClock "0:01:27"]

1. e4 c6 2. Nc3 d5 3. Nf3 Nf6 4. e5 Ne4 5. Ne2 Qb6 6. d4 e6 7. Ng3 c5 8. Bd3 Nxg3 9. fxg3 h6 10. O-O cxd4 11. Nh4 Nc6 12. Qh5 g6 13. Nxg6 fxg6 14. Qxg6+ Kd7 15. Rxf8 Rxf8 16. Qg7+ Ne7 17. Qxf8 Qb4 18. Bxh6 b6 19. Bg5 Bb7 20. Bb5+ Qxb5 21. Qxe7+ Kc8 22. Qd8# 1-0


[Site "https://www.chess.com"]